 Seeded DCSS version 0.26.1-2-gb8aa6d0cf2 (webtiles) character file.

Game seed: 13580442721858370627 (custom seed)

322 jmmainvi the Sneak (level 6, 0/28 HPs)
             Began as a Spriggan Enchanter on Feb 15, 2021.
             Killed from afar by a white imp (5 damage)
             ... with a puff of frost
             ... on level 5 of the Dungeon.
             The game lasted 00:09:47 (3797 turns).

jmmainvi the Sneak (Spriggan Enchanter)             Turns: 3797, Time: 00:09:47

Health: 0/28       AC:  5    Str:  5    XL:     6   Next: 22%
Magic:  9/11       EV: 18    Int: 18    God:
Gold:   136        SH:  0    Dex: 16    Spells: 8/11 levels left

rFire    + . .     SeeInvis +   a - +1 dagger
rCold    + . .     Faith    .   (shield restricted)
rNeg     . . .     Spirit   .   b - +0 robe
rPois    .         Reflect  .   (helmet restricted)
rElec    .         Harm     .   s - +2 cloak
rCorr    .         Rampage  .   (gloves unavailable)
Will     +....                  (boots unavailable)
Stlth    +++.......             f - amulet of the acrobat
HPRegen  0.09/turn              d - ring of protection from fire
MPRegen  0.12/turn              o - ring of protection from cold

@: very quick
A: very small, unfitting armour, see invisible, speed 3
a: no special abilities


You were on level 5 of the Dungeon.
You visited 1 branch of the dungeon, and saw 5 of its levels.

You collected 136 gold pieces.

Inventory:

Hand Weapons
 a - a +1 dagger (weapon)
Armour
 b - a +0 robe (worn)
 s - a +2 cloak (worn)
Jewellery
 d - a ring of protection from fire (left hand)
 f - an amulet of the acrobat (around neck)
 l - an uncursed ring of resist corrosion
 o - a ring of protection from cold (right hand)
Wands
 r - a wand of random effects (10)
Scrolls
 e - 5 scrolls of identify {unknown}
 h - 2 scrolls of enchant armour {unknown}
 j - a scroll of amnesia {unknown}
 k - 2 scrolls of teleportation {unknown}
 m - a scroll of magic mapping {unknown}
 n - a scroll of noise {unknown}
 p - a scroll of random uselessness {unknown}
Potions
 c - a potion of might {unknown}
 g - a potion of degeneration {unknown}
 i - 3 potions of curing {unknown}
 q - a potion of heal wounds {unknown}
 t - a potion of resistance {unknown}
 u - a potion of brilliance {unknown}
 v - a potion of mutation {unknown}


   Skills:
 - Level 1.4 Short Blades
 - Level 3.2 Dodging
 + Level 6.6 Stealth
 - Level 3.0 Spellcasting
 * Level 6.3 Hexes
 + Level 2.1 Ice Magic


You had 8 spell levels left.
You knew the following spells:

 Your Spells              Type           Power        Failure   Level
a - Corona                Hex            27%          1%          1
b - Ensorcelled Hibernat  Hex/Ice        36%          4%          2

Your spell library contained the following spells:

 Spells                   Type           Power        Failure   Level
 Confusing Touch          Hex            25%          3%          3
 Tukima's Dance           Hex            25%          3%          3
 Dazzling Flash           Conj/Hex       28%          13%         3


Dungeon Overview and Level Annotations

Branches:
Dungeon (5/15)
 Temple: D:4-7

Altars:
Nemelex Xobeh

Annotations:
D:3 2 transporters, ew1980's ghost, amateur MfWz


Innate Abilities, Weirdness & Mutations

You are very small and have problems with some larger weapons.
You are too small for most types of armour.
You have supernaturally acute eyesight. (SInv)
You cover ground extremely quickly.


Message History

The white imp gestures at you. The puff of frost misses you.
Casting: Corona (safe; 1% risk of failure)
Confirm with . or Enter, or press ? or * to list all spells.
Okay, then.
You hit the white imp but do no damage.
The white imp is almost dead.
The white imp stops glowing.
You hit the white imp but do no damage.
The white imp is almost dead.
The white imp completely misses you.
Casting: Corona (safe; 1% risk of failure)
Confirm with . or Enter, or press ? or * to list all spells.
Aiming: Corona (safe; 1% risk of failure)
Press: ? - help, Shift-Dir - straight line, f/p - white imp
Aim: a white imp (almost dead, chance to affect: 73%)
The white imp is outlined in light.
The white imp gestures at you. The puff of frost hits you. You resist.
You die...

#...# #...# #.B.# #.5.#
###B#### #......# #.#.##.#
########......#
#.....@5......#
####.##.###...#..######
#.......# #.#.........#
#.......###......##.#.#
#................##.#.####
##.......#####.##....#....#
#........#####.##.#######.#
#........##..........#....#
#.[......##.......##.#.#.##


You could see a white imp (corona).

Vanquished Creatures
  An ogre (D:5)
  A bullfrog (D:4)
  2 worker ants
  7 adders
  2 oozes
  2 dart slugs
  A leopard gecko (D:1)
  6 orcs
  6 bats
  4 giant cockroaches
  2 hobgoblins
  2 jackals (D:2)
  A frilled lizard (D:4)
  6 goblins
  3 kobolds
  4 rats
50 creatures vanquished.

Notes
Turn   | Place    | Note
-------+----------+-------------------------------------------
     0 | D:1      | jmmainvi the Spriggan Enchanter began the quest for the
                  | Orb.
     0 | D:1      | Reached XP level 1. HP: 9/9 MP: 5/5
   116 | D:1      | Reached XP level 2. HP: 13/13 MP: 6/6
   119 | D:1      | Learned a level 2 spell: Ensorcelled Hibernation
   494 | D:1      | Found a sparkling altar of Nemelex Xobeh.
   632 | D:1      | You fall into a shaft and drop 1 floor!
   696 | D:2      | Reached XP level 3. HP: 16/16 MP: 1/8
  1019 | D:2      | Reached skill level 5 in Stealth
  1738 | D:3      | Reached skill level 1 in Ice Magic
  2008 | D:3      | Reached XP level 4. HP: 21/21 MP: 9/9
  2103 | D:3      | Found a faded altar of an unknown god.
  2220 | D:3      | Reached skill level 5 in Hexes
  2470 | D:3      | Found a transporter.
  2471 | D:3      | Found a transporter.
  2477 | D:3      | Noticed ew1980's ghost (amateur MfWz)
  2907 | D:4      | Reached XP level 5. HP: 24/24 MP: 7/10
  2939 | D:5      | Entered Level 5 of the Dungeon
  2939 | D:5      | Noticed an ogre
  2960 | D:5      | HP: 1/24 [ogre/+0 giant club (23)]
  3291 | D:5      | Killed an ogre
  3292 | D:5      | Reached XP level 6. HP: 6/28 MP: 5/11
  3797 | D:5      | Killed from afar by a white imp

Illustrated notes

Levels and vault maps discovered:
D:1:      minmay_arrival_four_loops, layout_loops_corners,
          nemelex_diamond_rough_becter
D:2:      layout_basic, minmay_crystal_room
D:3:      minmay_razor_zed, layout_basic, gammafunk_ghost_gnarly_gnolls,
          chequers_ecumenical_altar_twisty, trog_three_pillars_becter
D:4:      cheibrodos_quashed, layout_basic, moated_statue, uniq_duvessa
D:5:      lemuel_ratsnest, layout_loops_cross, led_xom_imps

Skill      XL: |  1  2  3  4  5 |
---------------+----------------+-----
Spellcasting   | 3 |  3.0
Hexes          | 4 5 6 |  6.3
Stealth        | 5 6 |  6.6
Ice Magic      | 1 2 |  2.1
Short Blades   | |  1.4
Dodging        | |  3.2

Action                   |  1- 3 |  4- 6 || total
-------------------------+-------+-------++-------
Melee: Dagger            |    38 |    63 ||   101
 Cast: Corona            |     2 |     4 ||     6
       Ensorcelled Hiber |    31 |    24 ||    55
 Stab: Sleeping          |    27 |    21 ||    48
Armor: Robe              |     2 |     6 ||     8
Dodge: Dodged            |    34 |    39 ||    73
